 Dungeon Crawl Stone Soup version 0.20.1-1-g8b1a95d (webtiles) character file.

74 Agrougrou the Skirmisher (level 4, 23/37 HPs)
             Began as a Demonspawn Monk on July 18, 2017.
             Quit the game on level 2 of the Dungeon.
             The game lasted 00:02:42 (1121 turns).

Agrougrou the Skirmisher (Demonspawn Monk)          Turns: 1121, Time: 00:02:42

Health: 23/37      AC:  3    Str: 12    XL:     4   Next: 10%
Magic:  4/4        EV: 13    Int: 12    God:
Gold:   93         SH:  0    Dex: 15    Spells: 3/3 levels left

rFire    . . .     SeeInvis .   a - +0 hand axe
rCold    . . .     Gourm    .   (no shield)
rNeg     . . .     Faith    .   b - +0 robe
rPois    .         Spirit   .   e - +0 helmet
rElec    .         Reflect  .   (no cloak)
rCorr    .         Harm     .   (no gloves)
MR       .....                  (no boots)
Stlth    ++........             (no amulet)
Regen    0.2/turn               (no ring)
MPRegen  0.1/turn               (no ring)

@: no status effects
A: talons 1, spiny 1
a: no special abilities


You were on level 2 of the Dungeon.
You were not hungry.

You visited 1 branch of the dungeon, and saw 2 of its levels.

You collected 93 gold pieces.

Inventory:

Hand Weapons
 a - a +0 hand axe (weapon)
Missiles
 o - 4 poisoned tomahawks (quivered)
Armour
 b - a +0 robe (worn)
 e - a +0 helmet (worn)
Scrolls
 g - a scroll of fear {unknown}
 i - a scroll of blinking {unknown}
 k - 5 scrolls of identify {unknown}
 m - a scroll of remove curse {unknown}
 p - a scroll of immolation {unknown}
Potions
 d - a potion of ambrosia {unknown}
 j - a potion of might {unknown}
 n - 2 potions of heal wounds {unknown}
Comestibles
 c - a bread ration
 f - 2 royal jellies
 h - a chunk of flesh
 l - 2 meat rations


   Skills:
 + Level 3.7 Fighting
 + Level 3.4 Axes
 + Level 3.3 Dodging
 - Level 1.7 Stealth


You had 3 spell levels left.
You didn't know any spells.

Dungeon Overview and Level Annotations

Branches:
Dungeon (2/15)

Altars:
Makhleb


Innate Abilities, Weirdness & Mutations

You have sharp toenails.
You are partially covered in sharp spines.


Message History

You hit the giant cockroach.
The giant cockroach is moderately wounded.
The giant cockroach closely misses you. The giant cockroach barely misses you.
You hit the giant cockroach.
You kill the giant cockroach!
The hound closely misses you.
You closely miss the hound. The hound misses you. The hound barely misses you.
You miss the hound. The hound barely misses you. The hound bites you.
You hit the hound. You claw the hound.
The hound is severely wounded.
The hound bites you.
You closely miss the hound. You claw the hound.
The hound is almost dead.
The hound bites you. The hound bites you but does no damage.
You hit the hound.
You kill the hound!
You have reached level 4!
You feel clever.
Your demonic ancestry asserts itself...
Sharp spines emerge from parts of your body.
Are you sure you want to abandon this character and quit the game? (Confirm with "yes".)

.# ##.......# ##.##.#
.###.........####...#.#
...'..................#
.###..................#
.# ##.......#.###.....#
.# ##..#####.# #.##.##
.# #####..#. #.##.# ##
#.....##.##.#
∩_....†@....#
#.....##.#### #.##. #.#
# #.# #.# ..# ###


There were no monsters in sight!

Vanquished Creatures
  A hound (D:2)
  2 adders (D:2)
  A dart slug (D:1)
  2 leopard geckos (D:1)
  3 giant cockroaches
  2 goblins
  2 hobgoblins (D:1)
  4 jackals (D:1)
  A bat (D:1)
  2 kobolds
  2 rats
22 creatures vanquished.

Notes
Turn   | Place    | Note
-------+----------+-------------------------------------------
     0 | D:1      | Agrougrou the Demonspawn Monk began the quest for the Orb.
     0 | D:1      | Reached XP level 1. HP: 18/18 MP: 1/1
   169 | D:1      | Gained mutation: You have sharp toenails. [demonic ancestry]
   169 | D:1      | Reached XP level 2. HP: 20/24 MP: 2/2
   797 | D:2      | Reached XP level 3. HP: 29/29 MP: 3/3
  1111 | D:2      | Found a burning altar of Makhleb.
  1120 | D:2      | Gained mutation: You are partially covered in sharp spines. [demonic ancestry]
  1120 | D:2      | Reached XP level 4. HP: 23/37 MP: 4/4
  1121 | D:2      | Quit the game

Skill      XL: |  1  2 |
---------------+-------+-----
Axes           | 3 |  3.4
Dodging        | 3 |  3.3
Fighting       | |  3.7
Stealth        | |  1.7

Action                   |  1- 3 |  4- 6 || total
-------------------------+-------+-------++-------
Melee: Hand axe          |    60 |       ||    60
       Kick              |     6 |       ||     6
Throw: Tomahawk          |     2 |       ||     2
  Eat: Chunk             |     1 |       ||     1
Armor: Robe              |     6 |       ||     6
Dodge: Dodged            |    61 |       ||    61
